 Seeded DCSS version 0.28-a0-1435-g82390b3a13 (webtiles) character file.

Game seed: 20211204 (custom seed)

27 voltaire321 the Ducker (level 3, 0/27 HPs)
             Began as a Merfolk Artificer on Jan 9, 2022.
             Slain by a worm (10 damage)
             ... on level 2 of the Dungeon.
             The game lasted 00:02:02 (1481 turns).

voltaire321 the Ducker (Merfolk Artificer)          Turns: 1481, Time: 00:02:03

Health: 0/27       AC:  3    Str: 12    XL:     3   Next: 10%
Magic:  3/3        EV: 12    Int: 10    God:
Gold:   56         SH:  0    Dex: 16    Spells: 2/2 levels left

rFire   . . .      SeeInvis .   a - +0 club
rCold   . . .      Faith    .   (no shield)
rNeg    . . .      Spirit   .   b - +0 leather armour
rPois   .          Reflect  .   (no helmet)
rElec   .          Harm     .   (no cloak)
rCorr   +          Rampage  .   (no gloves)
Will    .....                   (no boots)
Stlth   ++........              (no amulet)
HPRegen 0.09/turn               g - ring of resist corrosion
MPRegen 0.08/turn               (no ring)

@: no status effects
A: (nimble swimmer 2), mertail
a: no special abilities


You were on level 2 of the Dungeon.
You visited 1 branch of the dungeon, and saw 2 of its levels.

You collected 56 gold pieces.

Inventory:

Hand Weapons
 a - a +0 club (weapon)
Armour
 b - a +0 leather armour (worn)
Jewellery
 g - a ring of resist corrosion (left hand)
Wands
 c - a wand of flame (15) (quivered)
 d - a wand of charming (15)
Scrolls
 f - a scroll of magic mapping {unknown}
Potions
 h - a potion of berserk rage {unknown}
Miscellaneous
 e - a piece from Xom's chessboard (15/15)


   Skills:
 + Level 1.8 Fighting
 + Level 1.1 Armour
 + Level 3.3 Dodging
 - Level 1.1 Stealth
 + Level 3.3 Evocations


You had 2 spell levels left.
You didn't know any spells.
Your spell library was empty.

Dungeon Overview and Level Annotations

Branches:
Dungeon (2/15)

Altars:
Fedhas


Innate Abilities, Weirdness & Mutations

((You are very nimble when in or above water. (Stealth+, EV+, Speed+++)))
Your lower body shifts to a powerful aquatic tail in water.


Message History

You hit the worm.
The worm is heavily wounded.
The worm bites you but does no damage.
You hit the worm but do no damage.
The worm is heavily wounded.
You hit the worm.
The worm is heavily wounded.
The worm closely misses you.
You hit the worm.
The worm is heavily wounded.
The worm misses you.
You hit the worm but do no damage.
The worm is heavily wounded.
The worm barely misses you.
You barely miss the worm.
The worm is heavily wounded.
The worm barely misses you.
You barely miss the worm.
The worm is moderately wounded.
You hit the worm.
The worm is severely wounded.
The worm bites you.
You hit the worm.
The worm is severely wounded.
The worm closely misses you.
You hit the worm.
The worm is severely wounded.
The worm bites you.
You barely miss the worm.
The worm is severely wounded.
The worm misses you.
You hit the worm.
The worm is severely wounded.
You hit the worm.
The worm is almost dead.
The worm bites you!
You hit the worm.
The worm is almost dead.
The worm bites you!
You die...

### ##)##
###########.#.##
............##.###
#.##.######.......
#.##.######......#
#.##........._...#
#w#######........#
#@# #.#......#
#.#######.########
#......##.#
####......#
#.#.###########
#.#.# #)...†..
#.#.# #>###### .
#.#.# #># #
..##.#.####.#


You could see a worm.

Vanquished Creatures
  An adder (D:2)
  4 ball pythons
  A giant cockroach (D:1)
  3 hobgoblins (D:1)
  3 jackals (D:2)
  4 kobolds
  A rat (D:1)
17 creatures vanquished.

Notes
Turn   | Place    | Note
-------+----------+-------------------------------------------
     0 | D:1      | voltaire321 the Merfolk Artificer began the quest for the
                  | Orb.
     0 | D:1      | Reached XP level 1. HP: 15/15 MP: 1/1
     3 | D:1      | Found a faded altar of an unknown god.
   427 | D:1      | Reached XP level 2. HP: 21/21 MP: 2/2
   693 | D:1      | Reached skill level 1 in Armour
  1228 | D:2      | Reached XP level 3. HP: 17/27 MP: 3/3
  1407 | D:2      | Found a blossoming altar of Fedhas.
  1481 | D:2      | Slain by a worm

Illustrated notes

Levels and vault maps discovered:
D:1:      saegor_arrival_simple_a, layout_basic, basic_ecumenical_altar,
          serial_bayou_crossing
D:2:      layout_loops_ring, basic_altar, uniq_crazy_yiuf_cottage

Skill      XL: |  1  2 |
---------------+-------+-----
Dodging        | 3 |  3.3
Armour         | 1 |  1.1
Fighting       | |  1.8
Stealth        | |  1.1
Evocations     | |  3.3

Action                   || total
-------------------------++-------
Melee: Club              ||   101
       Punch             ||     1
Armor: Leather armour    ||    28
Dodge: Dodged            ||    86

Table legend: (Time is in decaauts)
 A = Elapsed time spent in this place.
 B = Non-inter-level travel time spent in this place.
 C = Inter-level travel time spent in this place.
 D = Time resting spent in this place.
 E = Time spent auto-exploring this place.
 F = Levels seen in this place.
 G = Mean time per level.
                   A        B        C        D        E       F      G
               +--------+--------+--------+--------+--------+-----+--------+
         Total |   1500 |   1456 |     44 |    563 |    658 |   2 |  750.0 |
       Dungeon |   1500 |   1456 |     44 |    563 |    658 |   2 |  750.0 |
               +--------+--------+--------+--------+--------+-----+--------+

Top non-repeatable levels by time:
     D:1: 987 daAuts
     D:2: 513 daAuts
